 Dungeon Crawl Stone Soup version 0.19.1-1-g22dce08 (webtiles) character file.

275 Kiturien the Skirmisher (level 6, -3/43 HPs)
             Began as an Octopode Fighter on Jan 17, 2017.
             Slain by a quokka (5 damage)
             ... on level 4 of the Dungeon.
             The game lasted 00:11:54 (3431 turns).

Kiturien the Skirmisher (Octopode Fighter)          Turns: 3431, Time: 00:11:55

Health: -3/43      AC:  1    Str: 16    XL:     6   Next: 25%
Magic:  6/6        EV: 12    Int: 10    God:
Gold:   151        SH:  9    Dex: 13    Spells: 0 memorised, 5 levels left

rFire  . . .     SeeInvis .     f - +0 dagger (elec)
rCold  . . .     Gourm    .     b - +0 shield
rNeg   . . .     Faith    .     (helmet restricted)
rPois  .         Spirit   .     e - amulet of magic regeneration
rElec  .         Reflect  .     (no ring)
rCorr  .         Harm     .     (no ring)
MR     .....                    (no ring)
Stlth  ++++......               (no ring)
                                (no ring)
                                (no ring)
                                (no ring)
                                (no ring)

@: no status effects
A: almost no armour, stealthy swim, amphibious, 8 rings, constrict 8, camouflage
1, gelatinous body 1
a: no special abilities


You were on level 4 of the Dungeon.
You were not hungry.

You visited 1 branch of the dungeon, and saw 4 of its levels.

You collected 151 gold pieces.

Inventory:

Hand Weapons
 a - a +0 rapier
 f - a +0 dagger of electrocution (weapon)
Missiles
 p - 36 poisoned needles
 s - 8 curare-tipped needles
Armour
 b - a +0 shield (worn)
Jewellery
 e - an amulet of magic regeneration (around mantle)
Wands
 t - a wand of teleportation (0/9)
Scrolls
 d - 2 scrolls of noise
 g - a scroll of fear
 j - a scroll of blinking
 m - 2 scrolls of recharging
 r - a scroll of enchant weapon {unknown}
 u - a scroll of immolation {unknown}
 v - a scroll of teleportation
 w - a scroll of enchant armour {unknown}
 y - a scroll of amnesia {unknown}
Potions
 c - a potion of might
 i - a potion of lignification {unknown}
 k - a potion of cure mutation
 l - a potion of brilliance {unknown}
 n - a potion of flight {unknown}
 q - a potion of curing {unknown}
 z - 2 potions of agility {unknown}
 B - a potion of cancellation {unknown}
Comestibles
 h - a fruit
 o - a beef jerky
 x - a bread ration
 A - a royal jelly


   Skills:
 * Level 4.2 Fighting
 + Level 3.4 Short Blades
 + Level 3.6 Dodging
 + Level 4.0 Stealth
 + Level 3.7 Shields


You had 5 spell levels left.
You didn't know any spells.

Dungeon Overview and Level Annotations

Branches:
Dungeon (4/15)
 Temple: D:4-7

Altars:
Okawaru

Annotations:
D:4 tape's ghost, amateur FoAK


Innate Abilities, Weirdness & Mutations

You cannot wear most types of armour.
You are very stealthy in the water. (Stealth+)
You are amphibious.
You can wear up to eight rings at the same time.
You can use your tentacles to constrict eight enemies at once.
Your skin changes colour to match your surroundings (Stealth+).
Your rubbery body absorbs attacks. (AC +1, EV +1)


Message History

You hit the hound skeleton. You grab the hound skeleton.
You squeeze the hound skeleton.
You destroy the hound skeleton!
The quokka bites you.
* * * LOW HITPOINT WARNING * * *
You see here a fuming black potion.
An adder skeleton comes into view.
The quokka bites you.
* * * LOW HITPOINT WARNING * * *
You hit the quokka. Your grab misses the quokka.
The quokka is moderately wounded.
You block the quokka's attack.
You hit the quokka but do no damage. You grab the quokka.
The quokka is moderately wounded.
You constrict the quokka, but do no damage.
The quokka completely misses you.
Your shield prevents you from hitting the quokka.
The quokka is moderately wounded.
You constrict the quokka. The quokka bites you.
You die...

.....#.#
####.#).##.#####........
.#####.# #..#....#
#........ ## ##..#
##.#..### #........
####..## #....#
#........ .....#####
##...# #########
####.....#######..## #
#.###..!.#....!.#######
#.# ####...####.......#
#.#
##..Wr@........########
#.#
#.####...........)....
#.# #..#
##.......######## ..#
#Z## #.......### .## ..
#####.....## #.#
####...### #. ##....###
.. ##.#.... #.#####


You could see tape's ghost and a quokka.

Vanquished Creatures
  A bullfrog skeleton (D:4)
  A hound skeleton (D:4)
  Robin (D:2)
  8 gnolls
  4 adders
  2 oozes
  A worm (D:3)
  3 dart slugs
  2 leopard geckos
  4 orcs (D:3)
  2 giant cockroaches (D:1)
  19 goblins
  7 hobgoblins
  4 jackals (D:1)
  2 quokkas (D:3)
  9 bats
  6 frilled lizards
  8 kobolds
  7 rats
91 creatures vanquished.

Notes
Turn   | Place    | Note
-------+----------+-------------------------------------------
     0 | D:1      | Kiturien the Octopode Fighter began the quest for the Orb.
     0 | D:1      | Reached XP level 1. HP: 16/16 MP: 1/1
   146 | D:1      | Reached XP level 2. HP: 18/21 MP: 2/2
   656 | D:1      | Reached XP level 3. HP: 26/26 MP: 3/3
   932 | D:2      | Noticed Robin
  1589 | D:2      | Reached XP level 4. HP: 27/33 MP: 4/4
  1612 | D:2      | Killed Robin
  1657 | D:2      | Reached skill level 1 in Stealth
  2032 | D:3      | Found an iron altar of Okawaru.
  2189 | D:3      | Reached XP level 5. HP: 34/37 MP: 5/5
  3261 | D:4      | Reached XP level 6. HP: 23/43 MP: 6/6
  3390 | D:4      | Noticed tape's ghost (amateur FoAK)
  3424 | D:4      | HP: 1/43 [quokka (4)]
  3431 | D:4      | Slain by a quokka

Skill      XL: |  1  2  3  4  5  6 |
---------------+-------------------+-----
Stealth        | 1 3 4 |  4.0
Fighting       | 4 |  4.2
Short Blades   | 3 |  3.4
Dodging        | |  3.6
Shields        | |  3.7

Action                   |  1- 3 |  4- 6 || total
-------------------------+-------+-------++-------
Melee: Rapier            |     6 |       ||     6
       Dagger            |    73 |   100 ||   173
       Constrict         |    19 |    27 ||    46
       Tentacles         |    14 |    20 ||    34
Evoke: Wand              |       |     2 ||     2
  Use: Scroll            |     2 |     5 ||     7
 Stab: Sleeping          |     3 |    13 ||    16
       Distracted        |       |     1 ||     1
  Eat: Fruit             |     2 |     2 ||     4
       Bread ration      |       |     1 ||     1
Armor: Skin              |     8 |     2 ||    10
Dodge: Dodged            |    24 |    34 ||    58
Block: Shield            |    22 |    34 ||    56
